 Dungeon Crawl Stone Soup version 0.22-a0-354-g30dfbe6 (webtiles) character file.

4 4thArraOfDagon the Firebug (level 1, 0/11 HPs)
             Began as an Octopode Fire Elementalist on Apr 16, 2018.
             Slain by a goblin
             ... wielding a +0 club
              (1 damage)
             ... on level 1 of the Dungeon.
             The game lasted 00:00:23 (62 turns).

4thArraOfDagon the Firebug (OpFE)                     Turns: 62, Time: 00:00:24

Health: 0/11       AC:  1    Str:  7    XL:     1   Next: 70%
Magic:  0/3        EV: 13    Int: 17    God:
Gold:   0          SH:  0    Dex: 12    Spells: 3/4 levels left

rFire    . . .     SeeInvis .   a - +0 mace (curse)
rCold    . . .     Gourm    .   (no shield)
rNeg     . . .     Faith    .   (helmet restricted)
rPois    .         Spirit   .   (no amulet)
rElec    .         Reflect  .   (no ring)
rCorr    .         Harm     .   (no ring)
MR       .....                  (no ring)
Stlth    +++.......             (no ring)
HPRegen  0.03/turn              (no ring)
MPRegen  0.08/turn              (no ring)
                                (no ring)
                                (no ring)

@: no status effects
A: almost no armour, stealthy swim, amphibious, 8 rings, constrict 8, camouflage
1, gelatinous body 1
a: no special abilities


You were on level 1 of the Dungeon.
You were not hungry.

You visited 1 branch of the dungeon, and saw 1 of its levels.

Inventory:

Hand Weapons
 a - a cursed +0 mace (weapon)
Comestibles
 b - 2 rations


   Skills:
 - Level 2.0 Dodging
 - Level 2.6 Stealth
 + Level 2.0 Spellcasting
 * Level 1.2 Conjurations
 * Level 3.1 Fire Magic


You had 3 spell levels left.
You knew the following spells:

 Your Spells              Type           Power        Failure   Level  Hunger
a - Flame Tongue          Conj/Fire      #....        8%          1    #......


Dungeon Overview and Level Annotations

Branches:
Dungeon (1/15)

Altars:


Innate Abilities, Weirdness & Mutations

You cannot wear most types of armour.
You are very stealthy in the water. (Stealth+)
You are amphibious.
You can wear up to eight rings at the same time.
You can use your tentacles to constrict eight enemies at once.
Your skin changes colour to match your surroundings (Stealth+).
Your rubbery body absorbs attacks. (AC +1, EV +1)


Message History

Confirm with . or Enter, or press ? or * to list all spells.
Aiming: Flame Tongue (safe; 9% risk of failure)
Press: ? - help, Shift-Dir - straight line, f/p - hobgoblin
Aim: a hobgoblin, wielding a club The flame tongue hits the hobgoblin.
You kill the hobgoblin!
The frilled lizard closely misses you.
Unknown command.
You miss the frilled lizard. You grab the frilled lizard.
You constrict the frilled lizard. The frilled lizard misses you.
Unknown command.
You hit the frilled lizard.
You kill the frilled lizard!
Unknown command.
You closely miss the goblin. Your grab misses the goblin.
The goblin hits you but does no damage.
Unknown command.
You closely miss the goblin. You grab the goblin. You constrict the goblin.
The goblin closely misses you. The goblin hits you with a club.
You die...

....##........... [.
#............. ..
###.##.##....# .##
#.##g##.#### ..#
#....#..# ..##...#..#
#.#......##
#.#.......#####
#...#####.g@..# ###.#
#####.# #.# ... #.#
###.. ##.#
###########...
#..##....##....# ..
#.#...#####.≈≈.###.
..####...###.'.'.≈≈.'.#
#.......####.'.'.≈≈.'<#


You could see a goblin.

Vanquished Creatures
  2 hobgoblins (D:1)
  2 frilled lizards (D:1)
  A rat (D:1)
5 creatures vanquished.

Notes
Turn   | Place    | Note
-------+----------+-------------------------------------------
     0 | D:1      | 4thArraOfDagon the Octopode Fire Elementalist began the quest for the Orb.
     0 | D:1      | Reached XP level 1. HP: 11/11 MP: 3/3
    62 | D:1      | Slain by a goblin

Vault maps used:
D:1:      lightli_arrival_lavapool, doesnt_xom_only_xom

Action                   || total
-------------------------++-------
Melee: Mace              ||     5
       Constrict         ||     3
       Unarmed           ||     2
 Cast: Flame Tongue      ||     6
Dodge: Dodged            ||     4

Table legend:
 A = Spawn XP
 B = Non-spawn XP
 C = Spawn XP percentage of total XP
 D = Spawn monster count
 E = Non-spawn monster count
 F = Spawn count percentage of total count
 G = Total turns spent on level
                    A         B        C        D         E        F      G
               +---------+---------+-------+---------+---------+-------+---------
         Total |       0 |       7 |   0.0 |       0 |       5 |   0.0 |    62
               +---------+---------+-------+---------+---------+-------+---------
           D:1 |       0 |       7 |   0.0 |       0 |       5 |   0.0 |    62
               +---------+---------+-------+---------+---------+-------+---------
